 Dungeon Crawl Stone Soup version 0.30.1 (webtiles) character file.

Game seed: 11596568351181918510

136 safid the Chiller (level 5, -4/40 HPs)
             Began as a Merfolk Ice Elementalist on July 7, 2023.
             Slain by an orc
             ... wielding a +0 hand axe
              (5 damage)
             ... on level 4 of the Dungeon.
             The game lasted 00:02:21 (1720 turns).

safid the Chiller (Merfolk Ice Elementalist)        Turns: 1720, Time: 00:02:22

Health: -4/40      AC:  5    Str:  8    XL:     5   Next: 19%
Magic:  5/9        EV: 12    Int: 16    God:
Gold:   66         SH:  0    Dex: 15    Spells: 9/10 levels left

rFire   + . .        l - +2 flail (drain)
rCold   . . .        (no shield)
rNeg    . . .        a - +0 robe
rPois   .            (no helmet)
rElec   .            (no cloak)
rCorr   .            i - +2 pair of gloves
SInv    .            (no boots)
Will    .....        (no amulet)
Stlth   ++           k - ring of protection from fire
HPRegen 0.26/turn    (no ring)
MPRegen 0.11/turn

%: no passive effects
@: no status effects
A: (nimble swimmer 2), mertail
a: no special abilities


You were on level 4 of the Dungeon.
You visited 1 branch of the dungeon, and saw 3 of its levels.

You collected 66 gold pieces.

Inventory:

Hand Weapons
 l - a +2 flail of draining (weapon)
Armour
 a - a +0 robe (worn)
 i - a +2 pair of gloves (worn)
Jewellery
 k - a ring of protection from fire (left hand)
Wands
 n - a wand of mindburst (20)
Scrolls
 c - a scroll of fog {unknown}
 d - 4 scrolls of identify {unknown}
 e - a scroll of magic mapping {unknown}
 g - a scroll of blinking {unknown}
 m - a scroll of acquirement {unknown}
 o - a scroll of vulnerability {unknown}
 p - a scroll of torment {unknown}
 q - a scroll of poison {unknown}
Potions
 b - a potion of magic
 f - a potion of heal wounds {unknown}
 h - a potion of degeneration {unknown}
 j - a potion of curing


   Skills:
 + Level 2.8 Fighting
 - Level 2.6 Dodging
 - Level 2.1 Stealth
 + Level 3.1 Spellcasting
 + Level 5.3 Ice Magic


You had 9 spell levels left.
You knew the following spells:

 Your Spells              Type           Power      Damage    Failure   Level
a - Freeze                Ice            76%        1d8       1%          1

Your spell library contained the following spells:

 Spells                   Type           Power      Damage    Failure   Level
 Frozen Ramparts          Ice            38%        1d6       6%          3
 Ozocubu's Armour         Ice            19%        N/A       6%          3
 Summon Ice Beast         Ice/Summ       11%        N/A       52%         4


Dungeon Overview and Level Annotations

Branches:
Dungeon (2/15)

Altars:

Shops:
D:1 !


Innate Abilities, Weirdness & Mutations

((You are very nimble when in or above water. (Stealth+, EV+, Speed+++)))
Your lower body shifts to a powerful aquatic tail in water.


Message History

Something hits you.
* * * LOW HITPOINT WARNING * * *
There are monsters nearby!
You barely miss something. Something barely misses you.
There are monsters nearby!
You hit something. Something hits you but does no damage.
There are monsters nearby!
It was a potion of curing.
You feel better.
You hear some strange, mumbled words.
Something tries to affect you, but you resist.
Unknown command.
You hit something.
Reactivating autopickup.
You feel a bit more experienced. The kobold hits you with a +0 whip.
* * * LOW HITPOINT WARNING * * *
You have reached level 5!
You feel agile.
You hit the kobold.
The kobold is moderately wounded.
The kobold hits you but does no damage.
Unknown command.
You hit the kobold.
You kill the kobold!
The orc hits you with a +0 hand axe.
* * * LOW HITPOINT WARNING * * *
You hit the orc but do no damage. The orc hits you with a +0 hand axe.
* * * LOW HITPOINT WARNING * * *
You barely miss the orc. The orc closely misses you.
You closely miss the orc. The orc closely misses you.
The orc hits you with a +0 hand axe.
* * * LOW HITPOINT WARNING * * *
Casting: Freeze (safe; 1% risk of failure)
Confirm with . or Enter, or press ? or * to list all spells.
Aiming: Freeze (safe; 1% risk of failure)
Press: ? - help, Shift-Dir - straight line, f - orc
Aim: an orc, wielding a +0 hand axe and wearing a +0 ring mail You freeze the orc.
The orc is lightly wounded.
The orc hits you with a +0 hand axe.
You die...

### #.### #...##
#.#..# #.##.#
####.##.##############
............).@o.....#
####.##.#.#########..#
#......# ###..##
#....#...# ##...##
...##.......# #..###
............#..s##
.....K.....h.##
..............
...s..).....#.#


You could see an orc.

Vanquished Creatures
  A scorpion (D:4)
  An orc wizard (D:4)
  An adder (D:2)
  An orc (D:4)
  5 ball pythons
  2 endoplasms
  5 giant cockroaches
  4 goblins
  3 hobgoblins (D:1)
  A quokka (D:1)
  4 bats
  A frilled lizard (D:1)
  4 kobolds
  A rat (D:2)
34 creatures vanquished.

Notes
Turn   | Place    | Note
-------+----------+-------------------------------------------
     0 | D:1      | safid the Merfolk Ice Elementalist began the quest for the
                  | Orb.
     0 | D:1      | Reached XP level 1. HP: 13/13 MP: 3/3
   220 | D:1      | Reached XP level 2. HP: 20/20 MP: 3/5
   294 | D:1      | Reached skill level 1 in Fighting
   626 | D:1      | Found Toufit's Distillery.
   744 | D:2      | Reached XP level 3. HP: 26/26 MP: 6/6
  1652 | D:2      | You fall into a shaft and drop 2 floors!
  1660 | D:4      | Noticed a scorpion
  1700 | D:4      | Killed a scorpion
  1701 | D:4      | Reached skill level 5 in Ice Magic
  1701 | D:4      | Reached XP level 4. HP: 26/34 MP: 3/8
  1715 | D:4      | Reached XP level 5. HP: 12/40 MP: 5/9
  1719 | D:4      | HP: 1/40 [orc/+0 hand axe (5)]
  1720 | D:4      | Slain by an orc

Illustrated notes

Levels and vault maps discovered:
D:1:      amcnicky_arrival_feature_with_door, layout_loops_ring, serial_shops,
          shop_statue
D:2:      layout_basic
D:4:      layout_rooms

Skill      XL: |  1  2  3 |
---------------+----------+-----
Fighting       | 1 2 |  2.8
Spellcasting   | 3 |  3.1
Ice Magic      | 5 |  5.3
Dodging        | |  2.6
Stealth        | |  2.1

Action                     |  1- 3 |  4- 6 || total
---------------------------+-------+-------++-------
  Melee: Unarmed           |     2 |       ||     2
         Halberd           |    27 |       ||    27
         Flail             |    31 |    14 ||    45
   Cast: Freeze            |    13 |     1 ||    14
    Use: Potion            |       |     1 ||     1
   Stab: Sleeping          |     6 |       ||     6
 Armour: Robe              |    20 |     5 ||    25
  Dodge: Dodged            |    48 |     4 ||    52
